 Dungeon Crawl Stone Soup version 0.20-a0-947-g2784f4f (webtiles) character file.

4776 dvd the Grappler (level 10, -5/91 HPs)
             Began as a Troll Fighter on Apr 2, 2017.
             Was a Follower of Uskayaw.
             Slain by a hornet (16 damage)
             ... on level 8 of the Dungeon.
             The game lasted 00:19:35 (6337 turns).

dvd the Grappler (Troll Fighter)                    Turns: 6337, Time: 00:19:36

Health: -5/91      AC:  6    Str: 26    XL:     10   Next: 23%
Magic:  3/9        EV: 11    Int:  5    God:    Uskayaw [*.....]
Gold:   312        SH: 12    Dex: 11    Spells: 7/9 levels left

rFire    . . .     SeeInvis .     - Unarmed
rCold    . . .     Gourm    +   D - +2 shield
rNeg     . . .     Faith    .   a - +0 robe
rPois    .         Spirit   .   (helmet restricted)
rElec    .         Reflect  .   F - +0 cloak
rCorr    .         Harm     .   (gloves unavailable)
MR       .....                  (boots unavailable)
Stlth    ++........             s - amulet of rage
Regen    0.7/turn               (no ring)
MPRegen  0.2/turn               (no ring)

@: slowed, very slow
A: unfitting armour, claws 3, fast metabolism 3, gourmand, regeneration 1,
shaggy fur 1, tough skin 2
a: Stomp, Renounce Religion, Evoke Berserk Rage


You were on level 8 of the Dungeon.
You worshipped Uskayaw.
Uskayaw was noncommittal.
You were completely stuffed.

You visited 2 branches of the dungeon, and saw 9 of its levels.
You visited the Abyss 1 time.

You collected 312 gold pieces.

Inventory:

Hand Weapons
 v - a +2 whip of flaming
 B - the +1 hand crossbow of Supply {venom, *Corrode MP+9 Int+9}
   (You found it on level 4 of the Dungeon)

   It poisons the ammo it fires.
   It affects your intelligence (+9).
   It affects your magic capacity (+9).
   It may corrode you when you take damage.
 E - a +3 quarterstaff of chaos
 H - a +0 war axe of chopping
Missiles
 i - 180 stones (quivered)
Armour
 a - a +0 robe (worn)
 D - a +2 shield (worn)
 F - a +0 cloak (worn)
Jewellery
 s - an amulet of rage (around neck)
Wands
 n - a wand of flame (13/48)
 q - a wand of scattershot (2/9)
 x - a wand of confusion (29/48)
 P - a wand of polymorph (8/24)
Scrolls
 h - 5 scrolls of identify
 p - a scroll of amnesia {unknown}
 u - a scroll of fog
 w - 2 scrolls of recharging {unknown}
 y - a scroll of blinking {unknown}
 z - a scroll of remove curse
 A - 2 scrolls of teleportation {unknown}
 J - a scroll of silence {unknown}
 L - a scroll of immolation {unknown}
 N - a scroll of noise {unknown}
Potions
 c - 2 potions of might
 e - 2 potions of degeneration {unknown}
 f - a potion of ambrosia {unknown}
 g - a potion of cancellation {unknown}
 j - a potion of curing
 m - 2 potions of heal wounds {unknown}
 t - 2 potions of flight {unknown}
 C - 3 potions of resistance {unknown}
 K - a potion of agility {unknown}
 M - 2 potions of mutation {unknown}
 O - a potion of invisibility {unknown}
Books
 b - a book of Cantrips

   Spells                             Type                      Level
   a - Confusing Touch                Hexes                        1
   b - Animate Skeleton               Necromancy                   1
   c - Summon Small Mammal            Summoning                    1
   d - Apportation                    Translocation                1
 o - a book of Minor Magic

   Spells                             Type                      Level
   a - Magic Dart                     Conjuration                  1
   b - Blink                          Translocation                2
   c - Call Imp                       Summoning                    2
   d - Slow                           Hexes                        2
   e - Conjure Flame                  Conjuration/Fire             3
   f - Mephitic Cloud                 Conjuration/Poison/Air       3
 I - a book of Misfortune

   Spells                             Type                      Level
   a - Confusing Touch                Hexes                        1
   b - Confuse                        Hexes                        3
   c - Gell's Gravitas                Translocation                3
   d - Petrify                        Transmutation/Earth          4
   e - Metabolic Englaciation         Hexes/Ice                    5
   f - Yara's Violent Unravelling     Hexes/Transmutation          5
Comestibles
 d - 5 bread rations
 k - 4 royal jellies
 l - 7 meat rations
 r - 26 fruits
 G - 9 chunks of flesh


   Skills:
 + Level 3.5 Fighting
 + Level 1.0 Throwing
 + Level 6.1 Dodging
 + Level 2.2 Stealth
 + Level 6.1 Shields
 + Level 10.4 Unarmed Combat
 + Level 1.0 Evocations


You had 7 spell levels left.
You knew the following spells:

 Your Spells              Type           Power        Failure   Level  Hunger
a - Blink                 Tloc           N/A          97%         2    ###....


Dungeon Overview and Level Annotations

Branches:
Dungeon (8/15)             Temple (1/1) D:5
   Lair: D:8-11

Altars:
Ashenzari
Cheibriados
Dithmenos
Elyvilon
Fedhas
Gozag
Hepliaklqana
Kikubaaqudgha
Makhleb
Nemelex Xobeh
Okawaru
Qazlal
Ru
Sif Muna
Trog
Uskayaw
Vehumet
Wu Jian
Yredelemnul
Zin
The Shining One

Shops:
D:5 (


Innate Abilities, Weirdness & Mutations

You are too large for most types of armour.
You have claws for hands.
Your metabolism is lightning-fast.
You like to eat raw meat.
Your natural rate of healing is unusually fast.
You are covered in fur. (AC +1)
You have very tough skin. (AC +2)


Message History

The hornet completely misses you. Something hits you.
* * * LOW HITPOINT WARNING * * *
You can now stomp with the beat.
Unknown command.
You miss the hornet.
The hornet is almost dead.
You feel sick. You block the bullfrog's attack. You block the orc's attack.
The orc hits you with a flail.
* * * LOW HITPOINT WARNING * * *
The hornet stings you!
* * * LOW HITPOINT WARNING * * *
You feel as though you will be slow longer.
The bullfrog barely misses you. Something hits you but does no damage.
The hornet stings you!
* * * LOW HITPOINT WARNING * * *
You feel as though you will be slow longer.
You feel better. The bullfrog hits you.
* * * LOW HITPOINT WARNING * * *
You block the orc's attack. The orc closely misses you. The hornet stings you!
You die...

...... #. #<...
#.##### #.... .....#
#.... #...# ##...
#...##### #####....
#...#.#.#++#.#.#....
#...o...............
#..@y..%........<...
#.Fo..P%.....P......
#..................#
#.........#.....####
#.........####...#
###..###### #..##
#.## #..# #.# #...
.. O...+


You could see a hornet, a bullfrog and 2 orcs.

Vanquished Creatures
  2 two-headed ogres (D:8)
  The ghost of Amnesiac the Covert, a novice DEEE of Ashenzari (D:7)
  The ghost of Duffy the Chopper, an amateur NaFi (D:4)
  Prince Ribbit (D:5)
  The ghost of KristoblXynda the Chucker, an amateur OgHu of Vehumet (D:3)
  Eustachio (D:6)
  A sky beast (D:7)
  2 orc warriors
  A necrophage (D:6)
  2 ice beasts
  A phantom (D:6)
  5 ogres
  2 centaurs
  Blork the orc (D:6)
  A big kobold (D:4)
  2 bullfrogs
  A scorpion (D:6)
  4 crimson imps
  A bullfrog zombie (D:8)
  2 orc priests
  Crazy Yiuf (D:6)
  2 hounds (D:5)
  2 orc wizards (D:6)
  An iguana (D:4)
  Natasha (thrice) (D:4)
  2 worker ants (D:4)
  A hound zombie (D:6)
  A worker ant zombie (D:6)
  A howler monkey zombie (D:6)
  6 adders
  A shadow imp (D:6)
  2 oozes
  2 adder zombies (D:6)
  An adder skeleton (D:4)
  6 worms
  3 dart slugs
  3 leopard geckos
  21 orcs
  8 giant cockroaches
  8 goblins
  12 hobgoblins
  12 jackals
  31 kobolds
  4 quokkas
  2 ball pythons
  4 bats
  7 frilled lizards
  A jackal skeleton (D:4)
  A quokka zombie (D:5)
  9 rats
  9 plants (D:4)
200 creatures vanquished.

Notes
Turn   | Place    | Note
-------+----------+-------------------------------------------
     0 | D:1      | dvd the Troll Fighter began the quest for the Orb.
     0 | D:1      | Reached XP level 1. HP: 22/22 MP: 0/0
   289 | D:1      | Reached XP level 2. HP: 29/29 MP: 1/1
  1011 | D:2      | Reached XP level 3. HP: 34/36 MP: 2/2
  1058 | D:2      | Learned a level 2 spell: Blink
  1667 | D:2      | Reached XP level 4. HP: 44/44 MP: 3/3
  2073 | D:3      | Noticed KristoblXynda's ghost (amateur OgHu)
  2088 | D:3      | Killed KristoblXynda's ghost
  2088 | D:3      | Reached skill level 4 in Unarmed Combat
  2088 | D:3      | Reached XP level 5. HP: 36/50 MP: 4/4
  2298 | D:3      | Reached XP level 6. HP: 55/59 MP: 5/5
  2643 | D:3      | Found a glowing silver altar of Zin.
  2721 | D:4      | Noticed Natasha
  2728 | D:4      | Killed Natasha
  2878 | D:4      | Noticed Natasha
  2895 | D:4      | Reached skill level 5 in Unarmed Combat
  2922 | D:4      | Killed Natasha
  3012 | D:4      | Got a bloodstained hand crossbow
  3013 | D:4      | Identified the cursed +1 hand crossbow of Supply {venom, *Corrode MP+9 Int+9} (You found it on level 4 of the Dungeon)
  3167 | D:4      | Noticed Duffy's ghost (amateur NaFi)
  3173 | D:4      | Killed Duffy's ghost
  3173 | D:4      | Reached skill level 6 in Unarmed Combat
  3173 | D:4      | Reached XP level 7. HP: 66/66 MP: 6/6
  3235 | D:4      | Noticed Natasha
  3251 | D:4      | Killed Natasha
  3654 | D:5      | Entered Level 5 of the Dungeon
  3826 | D:5      | Noticed Prince Ribbit
  3919 | D:5      | Found a glowing golden altar of the Shining One.
  3983 | D:5      | Killed Prince Ribbit
  3983 | D:5      | Reached skill level 7 in Unarmed Combat
  3983 | D:5      | Reached XP level 8. HP: 34/74 MP: 7/7
  4124 | D:5      | Found a staircase to the Ecumenical Temple.
  4130 | Temple   | Entered the Ecumenical Temple
  4171 | Temple   | Became a worshipper of Uskayaw the Reveler
  4211 | D:5      | Found Fecsav's Weapon Shop.
  4544 | D:6      | Reached * piety under Uskayaw
  4567 | D:6      | Found a runed door.
  4571 | D:6      | Noticed Crazy Yiuf
  4574 | D:6      | Cast into level 1 of the Abyss (Crazy Yiuf)
  4629 | D:6      | Escaped the Abyss
  4631 | D:6      | Killed Crazy Yiuf
  4685 | D:6      | Noticed Blork the orc
  4694 | D:6      | Reached ** piety under Uskayaw
  4697 | D:6      | Killed Blork the orc
  4697 | D:6      | Reached *** piety under Uskayaw
  4702 | D:6      | Reached **** piety under Uskayaw
  4837 | D:6      | Noticed Eustachio
  4854 | D:6      | Killed Eustachio
  4854 | D:6      | Reached skill level 5 in Shields
  4863 | D:6      | Reached skill level 1 in Stealth
  4880 | D:6      | Reached skill level 8 in Unarmed Combat
  4980 | D:6      | Reached skill level 1 in Throwing
  4992 | D:6      | Found a sacrificial altar of Ru.
  5093 | D:6      | Reached XP level 9. HP: 23/81 MP: 8/8
  5108 | D:6      | Reached skill level 5 in Dodging
  5390 | D:7      | Found an opulent altar of Gozag.
  5488 | D:7      | Found a sparkling altar of Nemelex Xobeh.
  5491 | D:7      | Found a burning altar of Makhleb.
  5493 | D:7      | Found a radiant altar of Vehumet.
  5493 | D:7      | Noticed Amnesiac's ghost (novice DEEE)
  5499 | D:7      | Killed Amnesiac's ghost
  5499 | D:7      | Reached skill level 9 in Unarmed Combat
  6048 | D:8      | Found a hazy altar of Hepliaklqana.
  6160 | D:8      | Noticed a two-headed ogre
  6171 | D:8      | Killed a two-headed ogre
  6171 | D:8      | Reached skill level 10 in Unarmed Combat
  6171 | D:8      | Reached XP level 10. HP: 91/91 MP: 9/9
  6229 | D:8      | Noticed a two-headed ogre
  6238 | D:8      | Killed a two-headed ogre
  6238 | D:8      | Reached skill level 1 in Evocations
  6336 | D:8      | HP: 3/91 [hornet (9)]
  6337 | D:8      | Slain by a hornet

Vault maps used:
D:1:      evilmike_arrival_plus, supply_closet_lemuel
D:2:      st_stairs_13
D:3:      marbit_many_paths, minmay_stone_trees_small
D:4:      kennysheep_kobold_camp, first_bread, uniq_natasha
D:5:      kennysheep_big_flooded_room, kennysheep_mini_moat,
          minmay_temple_entry_enclosed_plants, serial_shops,
          kennysheep_little_box, uniq_prince_ribbit1
D:6:      nicolae_overflow_crystal_walls, uniq_eustachio, uniq_blork_the_orc,
          uniq_crazy_yiuf_cottage
D:7:      gammafunk_temple_overflow_forgotten, lemuel_round_altar
D:8:      xom_teletrap_fun, old_standard_altar, blue_anna_alchemist,
          nicolae_looking_at_the_future
Temple:   nicolae_temple_god_jail

Skill      XL: |  1  2  3  4  5  6  7  8  9 10 |
---------------+-------------------------------+-----
Shields        | 3 4 5 6 |  6.1
Dodging        | 3 4 5 6 |  6.1
Unarmed Combat | 4 6 7 8 10 | 10.4
Fighting       | 3 |  3.5
Stealth        | 1 2 |  2.2
Throwing       | 1 |  1.0
Evocations     | 1 |  1.0

Action                   |  1- 3 |  4- 6 |  7- 9 | 10-12 || total
-------------------------+-------+-------+-------+-------++-------
Melee: Unarmed           |   123 |   179 |   330 |    32 ||   664
Throw: Stone             |     9 |     4 |     7 |       ||    20
Invok: Stomp             |       |       |     4 |     1 ||     5
       Line Pass         |       |       |     2 |     1 ||     3
 Abil: Evoke Berserk Rag |       |     2 |     1 |       ||     3
  Use: Scroll            |       |     4 |       |       ||     4
       Potion            |       |       |       |     1 ||     1
 Stab: Sleeping          |       |       |     2 |       ||     2
       Paralysed         |       |       |     4 |     4 ||     8
  Eat: Chunk             |    21 |    15 |    30 |     3 ||    69
Armor: Robe              |    32 |    23 |    37 |     7 ||    99
Dodge: Dodged            |    45 |    38 |    62 |    19 ||   164
Block: Shield            |    52 |    62 |    99 |    25 ||   238
